 Dungeon Crawl Stone Soup version 0.28.0 (webtiles) character file.

Game seed: 9277889344668786672

29017 BeingJoeMalik the Severer (level 13, -4/106 HPs)
             Began as a Demonspawn Gladiator on Feb 6, 2022.
             Was the Champion of Okawaru.
             Slain by a soul eater (15 damage)
             ... summoned by an orc high priest
             ... on level 2 of the Orcish Mines.
             The game lasted 00:48:21 (17136 turns).

BeingJoeMalik the Severer (Demonspawn Gladiator)   Turns: 17136, Time: 00:48:22

Health: -4/106     AC: 12    Str: 26    XL:     13   Next: 12%
Magic:  11/11      EV: 14    Int: 10    God:    Okawaru [******]
Gold:   1281       SH:  0    Dex: 19    Spells: 12/12 levels left

rFire   + . .      SeeInvis .   a - +0 war axe (spect)
rCold   + + .      Faith    .   (no shield)
rNeg    + + +      Spirit   .   z - +0 ring mail "Xiaminud" {rN+++ MP-9 Str+5}
rPois   +          Reflect  .   (helmet unavailable)
rElec   .          Harm     .   g - scarf {rC+ rF+}
rCorr   +          Rampage  +   r - +0 pair of gloves
Will    .....                   t - +1 pair of boots of Vefru {Rampage rPois rCorr Str+3 Dex+3}
Stlth   +.........              (no amulet)
HPRegen 7.27/turn               f - +4 ring of protection
MPRegen 0.12/turn               u - ring of protection from cold

@: no status effects
A: hooves 1, horns 3, powered by death 2, demonic magic 1
a: Renounce Religion, Heroism, Finesse, Duel


You were on level 2 of the Orcish Mines.
You worshipped Okawaru.
Okawaru was exalted by your worship.
You visited 3 branches of the dungeon, and saw 15 of its levels.
You also visited: Ossuary.

You collected 1401 gold pieces.
You spent 120 gold pieces at shops.

Inventory:

Hand Weapons
 a - a +0 spectral war axe (weapon)
 o - a +1 hand axe of electrocution
 L - a +2 war axe of flaming
 M - a +0 battleaxe
 N - a +0 vorpal broad axe
Missiles
 d - a throwing net (quivered)
 s - 13 poisoned darts
 E - 4 javelins
Armour
 g - a scarf of resistance (worn)
 h - +0 steam dragon scales
 r - a +0 pair of gloves (worn)
 t - the +1 pair of boots of Vefru (worn) {Rampage rPois rCorr Str+3 Dex+3}
   (Okawaru gifted it to you on level 11 of the Dungeon)

   Str:       It affects your strength (+3).
   Dex:       It affects your dexterity (+3).
   rPois:     It protects you from poison.
   rCorr:     It protects you from acid and corrosion.
   Rampage:   It bestows one free step when moving towards enemies.
 z - the +0 ring mail "Xiaminud" (worn) {rN+++ MP-9 Str+5}
   (You found it on level 5 of the Dungeon)

   Str:       It affects your strength (+5).
   rN:        It renders you almost immune to negative energy.
   MP:        It affects your magic capacity (-9).
 D - a +2 cloak of poison resistance
Jewellery
 f - a +4 ring of protection (left hand)
 i - a ring of resist corrosion
 j - a +6 ring of intelligence
 m - a ring of poison resistance
 u - a ring of protection from cold (right hand)
 G - a ring of wizardry
Wands
 c - a wand of polymorph (19)
 v - a wand of iceblast (11)
 B - a wand of acid (3)
Scrolls
 b - 3 scrolls of magic mapping
 e - a scroll of fear
 q - a scroll of silence {unknown}
 w - a scroll of identify
 x - 2 scrolls of amnesia {unknown}
 y - a scroll of enchant armour {unknown}
 A - 4 scrolls of enchant weapon {unknown}
 I - a scroll of teleportation
 J - a scroll of holy word {unknown}
 K - a scroll of blinking {unknown}
Potions
 k - 2 potions of haste
 l - a potion of resistance
 n - 5 potions of curing
 p - a potion of flight
 C - 2 potions of mutation
 F - a potion of cancellation
 H - 3 potions of ambrosia


   Skills:
 + Level 11.0 Fighting
 - Level 16.1 Axes
 - Level 1.7 Throwing
 - Level 3.1 Armour
 - Level 5.0 Dodging
 * Level 9.4 Invocations


You had 12 spell levels left.
You didn't know any spells.
Your spell library contained the following spells:

 Spells                   Type           Power      Damage    Failure   Level
 Magic Dart               Conj           0%         1d3       50%         1
 Ensorcelled Hibernation  Hex/Ice        0%         N/A       63%         2
 Mephitic Cloud           Conj/Pois/Air  0%         N/A       86%         3
 Spider Form              Tmut/Pois      0%         N/A       86%         3
 Airstrike                Air            0%         N/A       99%         4
 Anguish                  Hex/Necr       0%         N/A       99%         4
 Olgreb's Toxic Radiance  Pois           0%         N/A       99%         4
 Lightning Bolt           Conj/Air       0%         1d11      100%        5
 Ozocubu's Refrigeration  Ice            0%         4d5       100%        7
 Ignition                 Fire           0%         3d3       100%        8
 Call Imp                 Summ           Unusable   N/A       N/A         2
 Summon Ice Beast         Ice/Summ       Unusable   N/A       N/A         4
 Summon Lightning Spire   Summ/Air       Unusable   N/A       N/A         4
 Summon Mana Viper        Hex/Summ       Unusable   N/A       N/A         5
 Monstrous Menagerie      Summ           Unusable   N/A       N/A         7

Dungeon Overview and Level Annotations

Branches:
Dungeon (12/15)            Temple (1/1) D:7            Lair (0/6) D:9
    Orc (2/2) D:12            Elf (0/3) Orc:2       Ossuary (visited)

Altars:
Ashenzari
Elyvilon
Gozag
Hepliaklqana
Kikubaaqudgha
Makhleb
Nemelex Xobeh
Okawaru
Ru
Sif Muna
Vehumet
Wu Jian
Xom
Yredelemnul
Zin

Shops:
D:1 !   D:7 :!!?(   D:10 *   Orc:1 *

Annotations:
D:3 2 transporters, Spectrina's ghost, weakling FeMo
D:4 1 runed translucent door, Crazy Yiuf
Orc:1 3 runed translucent doors, Charmandara's ghost, journeyman DrCA


Innate Abilities, Weirdness & Mutations

You have large cloven feet.
You have a pair of large horns on your head.
You regenerate health from kills.
Spells you cast may paralyse adjacent enemies.


Message History

Your headbutt misses the orc high priest.
The orc high priest is heavily wounded.
You hit the soul eater but do no damage.
You hit the sun demon but do no damage. You closely miss the sun demon.
Your +0 spectral war axe barely misses the soul eater.
Your +0 spectral war axe hits the sun demon.
The sun demon barely misses you.
The sun demon hits you but does no damage.
You barely miss the orc high priest.
The orc high priest is heavily wounded.
You hit the soul eater but do no damage.
You hit the sun demon but do no damage. x2
Your +0 spectral war axe hits the soul eater!
Your +0 spectral war axe hits the sun demon!
The soul eater barely misses you.
The orc high priest hits you but does no damage.
The sun demon hits you but does no damage.
The sun demon hits you.
You are engulfed in flames.
You resist.
You hit the orc high priest.
The orc high priest is heavily wounded.
You hit the soul eater but do no damage.
You closely miss the sun demon. x2
Your +0 spectral war axe hits the soul eater but does no damage.
Your +0 spectral war axe hits the sun demon but does no damage.
The soul eater hits you!
* * * LOW HITPOINT WARNING * * *
The sun demon hits you!
* * * LOW HITPOINT WARNING * * *
You are engulfed in flames!
You resist.
* * * LOW HITPOINT WARNING * * *
The orc high priest hits you with a +0 long sword.
* * * LOW HITPOINT WARNING * * *
The sun demon barely misses you.
Okay, then.
Unknown command.
As you read the scroll of fear, it crumbles to dust.
You assume a fearsome visage.
The sun demon looks frightened! x2
The soul eater resists with some effort.
The orc high priest looks frightened!
The soul eater hits you!
You die...

... #.# # #.# .#
##.###.###. ..........
#...3..... #. #.3⌠...⌠..
#. #§@o......
###.###3###'###.
........# ###.###.# #.
#)# ##.###)###)#######.
.......†.)).)......
.........)..)......
..................$...#.


You could see a soul eater (summoned), an orc high priest (fleeing) and 2 sun
demons.

Vanquished Creatures
  An ettin (Orc:1)
  A hydra (D:12)
  Erolcha (D:10)
  Erica (D:11)
  4 two-headed ogres
  2 orc high priests
  3 death yaks (D:9)
  4 skeletal warriors
  Pikel (D:4)
  3 orc knights
  3 orc sorcerers (Orc:2)
  2 ugly things
  A manticore (D:9)
  Maurice (D:9)
  Maggie (D:6)
  An unseen horror (D:11)
  5 trolls
  Prince Ribbit (D:6)
  13 slime creatures
  A shadow (D:12)
  2 wraiths
  Grum (D:8)
  A yak (shapeshifter) (D:12)
  7 yaks
  A steam dragon (D:7)
  4 vampire mosquitoes (D:8)
  Menkaure (D:4)
  9 wargs
  2 acid dragons
  2 black bears
  A hornet zombie (D:6)
  19 orc warriors
  2 necrophages (D:7)
  7 ogres
  4 wolves (D:8)
  2 ice beasts
  7 centaurs
  3 lemures (D:4)
  A kobold brigand (D:8)
  Blork the orc (D:6)
  A water moccasin zombie (D:5)
  2 bullfrogs
  13 killer bees
  4 wights (D:9)
  An electric eel (D:8)
  A howler monkey (D:9)
  4 centaur zombies
  2 bullfrog zombies (D:6)
  2 human zombies (Ossuary)
  3 jellies
  2 centaur skeletons
  18 orc priests
  A scorpion zombie (D:5)
  2 iguanas
  11 orc wizards
  2 hell rats (D:9)
  A killer bee zombie (D:5)
  2 hound skeletons
  6 mummies (Ossuary)
  A howler monkey zombie (D:6)
  Robin (D:2)
  5 river rats (D:9)
  6 adders
  3 white imps
  3 ufetubi
  4 worms
  4 dart slugs
  61 orcs
  9 ball pythons
  6 endoplasms
  A giant cockroach (D:2)
  9 goblins
  9 hobgoblins
  4 jackals (D:4)
  12 kobolds
  3 quokkas
  8 bats
  2 frilled lizards
  3 kobold zombies (Ossuary)
  5 rats
364 creatures vanquished.

Vanquished Creatures (others)
  8 plants
8 creatures vanquished.

Grand Total: 372 creatures vanquished

Notes
Turn   | Place    | Note
-------+----------+-------------------------------------------
     0 | D:1      | BeingJoeMalik the Demonspawn Gladiator began the quest for
                  | the Orb.
     0 | D:1      | Reached XP level 1. HP: 16/16 MP: 1/1
   175 | D:1      | Reached skill level 3 in Axes
   328 | D:1      | Gained mutation: You regenerate a little health from kills.
                  | [demonic ancestry]
   328 | D:1      | Reached XP level 2. HP: 18/22 MP: 2/2
   827 | D:1      | Found a faded altar of an unknown god.
  1482 | D:1      | Found Jittis's Distillery.
  1506 | D:1      | Bought a potion of degeneration for 10 gold pieces
  1549 | D:2      | Gained mutation: You regenerate health from kills. [demonic
                  | ancestry]
  1549 | D:2      | Reached XP level 3. HP: 6/27 MP: 3/3
  1881 | D:2      | Noticed Robin
  1913 | D:2      | Reached skill level 4 in Axes
  1923 | D:2      | Killed Robin
  2490 | D:2      | Reached XP level 4. HP: 32/33 MP: 4/4
  3217 | D:3      | Reached skill level 5 in Axes
  3275 | D:3      | Found a transporter.
  3356 | D:3      | Gained mutation: Spells you cast may paralyse adjacent
                  | enemies. [demonic ancestry]
  3356 | D:3      | Reached XP level 5. HP: 18/38 MP: 5/5
  3727 | D:3      | Found a transporter.
  3727 | D:3      | Noticed Spectrina's ghost (weakling FeMo)
  3788 | D:3      | You fall into a shaft and drop 3 floors!
  3791 | D:6      | Noticed a black bear
  3806 | D:6      | Reached skill level 6 in Axes
  3807 | D:6      | Discovered your monstrous ancestry.
  3807 | D:6      | Gained mutation: You have a pair of small horns on your
                  | head. [demonic ancestry]
  3807 | D:6      | Reached XP level 6. HP: 44/44 MP: 6/6
  3902 | D:5      | Entered Level 5 of the Dungeon
  3904 | D:5      | Identified a scroll of acquirement
  3904 | D:5      | Acquired a scarf of resistance
  4018 | D:4      | Reached skill level 7 in Axes
  4081 | D:4      | Noticed Menkaure
  4087 | D:4      | Killed Menkaure
  4088 | D:4      | Gained mutation: You have a pair of horns on your head.
                  | [demonic ancestry]
  4088 | D:4      | Reached XP level 7. HP: 7/50 MP: 7/7
  4626 | D:4      | Found a runed translucent door.
  4627 | D:4      | Noticed Crazy Yiuf
  4725 | D:4      | Noticed Pikel
  4744 | D:4      | Killed Pikel
  4745 | D:4      | Reached skill level 9 in Axes
  4745 | D:4      | Reached XP level 8. HP: 12/56 MP: 8/8
  5571 | D:1      | Bought 2 potions of curing for 60 gold pieces
  5571 | D:1      | Bought a potion of heal wounds for 50 gold pieces
  5869 | D:6      | Noticed Blork the orc
  5915 | D:6      | Killed Blork the orc
  6000 | D:6      | Reached skill level 10 in Axes
  6316 | D:6      | Noticed Maggie
  6332 | D:6      | Killed Maggie
  6550 | D:6      | Noticed Prince Ribbit
  6652 | D:6      | Reached skill level 11 in Axes
  6860 | D:6      | Killed Prince Ribbit
  6861 | D:6      | Gained mutation: You have a pair of large horns on your
                  | head. [demonic ancestry]
  6861 | D:6      | Reached XP level 9. HP: 40/61 MP: 9/9
  7205 | D:7      | Found Gugotuts's Antique Weapon Shoppe.
  7271 | D:7      | Found Fiech's Magic Scroll Boutique.
  7291 | D:7      | Found a staircase to the Ecumenical Temple.
  7309 | Temple   | Entered the Ecumenical Temple
  7564 | Temple   | Became a worshipper of Warmaster Okawaru
  7605 | D:7      | Found a sand-covered staircase.
  7615 | Ossuary  | Entered an ossuary
  7961 | D:7      | Found Forus's Distillery.
  7995 | D:7      | Reached skill level 12 in Axes
  8015 | D:7      | Found Puawn's Distillery.
  8066 | D:7      | Reached * piety under Okawaru
  8520 | D:7      | Found Fufykif's Book Shoppe.
  9194 | D:5      | Identified the +0 ring mail "Xiaminud" {rN+++ MP-9 Str+5}
  9489 | D:8      | Reached XP level 10. HP: 57/71 MP: 1/10
  9603 | D:8      | Noticed Grum
  9609 | D:8      | Reached ** piety under Okawaru
  9614 | D:8      | Killed Grum
  9615 | D:8      | Reached skill level 13 in Axes
  9685 | D:8      | Found a basalt altar of Yredelemnul.
 10296 | D:9      | Noticed Maurice
 10301 | D:9      | Killed Maurice
 10302 | D:9      | Reached skill level 5 in Fighting
 10308 | D:9      | Noticed a two-headed ogre
 10383 | D:9      | Found a staircase to the Lair.
 10383 | D:9      | Noticed a death yak
 10383 | D:9      | Noticed a death yak
 10384 | D:9      | Noticed a death yak
 10394 | D:9      | Killed a death yak
 10397 | D:9      | Reached *** piety under Okawaru
 10403 | D:9      | Killed a death yak
 10417 | D:9      | Killed a death yak
 10418 | D:9      | Reached skill level 14 in Axes
 10423 | D:9      | Reached **** piety under Okawaru
 10437 | D:9      | Killed a two-headed ogre
 10438 | D:9      | Reached XP level 11. HP: 77/83 MP: 2/11
 11130 | D:10     | Entered Level 10 of the Dungeon
 11343 | D:10     | Reached skill level 1 in Invocations
 11452 | D:10     | Found Moewi's Island Escapes.
 11460 | D:10     | Noticed Erolcha
 11663 | D:10     | Killed Erolcha
 11663 | D:10     | Reached ***** piety under Okawaru
 12296 | D:11     | Noticed a two-headed ogre
 12309 | D:11     | Killed a two-headed ogre
 12667 | D:11     | Identified the +1 pair of boots of Vefru {Rampage rPois
                  | rCorr Str+3 Dex+3} (Okawaru gifted it to you on level 11 of
                  | the Dungeon)
 12667 | D:11     | Received a gift from Okawaru
 12668 | D:11     | Reached skill level 15 in Axes
 12721 | D:11     | Noticed Erica
 12734 | D:11     | Killed Erica
 12921 | D:11     | Noticed a brown ugly thing
 12929 | D:11     | Killed a brown ugly thing
 12930 | D:11     | Reached skill level 5 in Dodging
 13710 | D:12     | Noticed a skeletal warrior
 13710 | D:12     | Noticed a skeletal warrior
 13727 | D:12     | Killed a skeletal warrior
 13728 | D:12     | Reached skill level 1 in Armour
 13728 | D:12     | Reached skill level 5 in Invocations
 13733 | D:12     | Killed a skeletal warrior
 13734 | D:12     | Gained mutation: You have large cloven feet. [demonic
                  | ancestry]
 13734 | D:12     | Reached XP level 12. HP: 51/94 MP: 6/15
 15411 | D:12     | Noticed a four-headed hydra
 15416 | D:12     | Killed a one-headed hydra
 15416 | D:12     | Received a gift from Okawaru
 15552 | D:12     | Found a staircase to the Orcish Mines.
 15564 | D:12     | Noticed a two-headed ogre
 15578 | D:12     | Killed a two-headed ogre
 15860 | Orc:1    | Entered Level 1 of the Orcish Mines
 15866 | Orc:1    | Reached skill level 16 in Axes
 16031 | Orc:1    | Noticed an ettin
 16045 | Orc:1    | Killed an ettin
 16131 | Orc:1    | Found a runed translucent gate.
 16131 | Orc:1    | Found a runed translucent gate.
 16131 | Orc:1    | Found a runed translucent gate.
 16150 | Orc:1    | Found an opulent altar of Gozag.
 16152 | Orc:1    | Found Viben's Assorted Antiques.
 16152 | Orc:1    | Noticed Charmandara's ghost (journeyman DrCA)
 16285 | Orc:1    | Reached ****** piety under Okawaru
 16701 | Orc:2    | Entered Level 2 of the Orcish Mines
 16714 | Orc:2    | Reached skill level 10 in Fighting
 16715 | Orc:2    | Noticed an orc high priest
 16733 | Orc:1    | Killed an orc high priest
 16742 | Orc:2    | Received a gift from Okawaru
 16838 | Orc:2    | Found a staircase to the Elven Halls.
 16850 | Orc:1    | Noticed a two-headed ogre
 16857 | Orc:2    | Killed a two-headed ogre
 16858 | Orc:2    | Reached XP level 13. HP: 96/104 MP: 10/19
 17135 | Orc:2    | HP: 4/106 [orc high priest (4)]
 17136 | Orc:2    | Slain by a soul eater

Illustrated notes

Levels and vault maps discovered:
D:1:      dpeg_arrival_solitude, layout_basic,
          hellmonk_ecumenical_altar_arch_garden, serial_forest,
          infiniplex_forest_end_double, infiniplex_forest_lined_room_,
          infiniplex_forest_lined_room_2, infiniplex_forest_clump_diagonal,
          infiniplex_forest_lined_room_2, infiniplex_forest_end_2, serial_shops,
          shop_statue, dk_noncrumbling_2, minmay_misc_feat_chi
D:2:      minmay_chambers_of_ones, layout_basic, kennysheep_small_spiral,
          hangedman_glass_teeth, uniq_robin
D:3:      layout_rooms, gammafunk_ghost_mausoleum, nrook_uturn
D:4:      layout_loops_ring, uniq_menkaure, uniq_pikel, uniq_crazy_yiuf_cottage
D:5:      layout_loops_ring
D:6:      layout_loops_ring, minmay_misc_feat_square, st_stairs_7,
          minmay_door_square, minmay_misc_feat_diagonals, uniq_prince_ribbit1,
          uniq_maggie, uniq_blork_the_orc
D:7:      layout_basic, minmay_temple_entry_glassed_door,
          nicolae_ossuary_entry_monument, serial_shops, shop,
          nicolae_shop_overgrown_old_shop, shop, nicolae_shop_behind_doors,
          kennysheep_mini
D:8:      layout_loops_corners, yredelemnul_altar_generic, fountainhead,
          nicolae_figureground_sparkle, uniq_grum
D:9:      layout_loops_ring, dpeg_lair_monsters, uniq_maurice
D:10:     layout_rooms, nicolae_island_escapes, uniq_erolcha
D:11:     layout_cave_pods, uniq_erica
D:12:     layout_loops_ring, orc_0_dummy
Temple:   mainiacjoe_temple_trianglar_array
Orc:1:    cheibrodos_orc_arena, layout_diamond_mine, ebering_ghost_gozag
Orc:2:    st_orc_town, layout_caves

Skill      XL: |  1  2  3  4  5  6  7  8  9 10 11 12 13 |
---------------+----------------------------------------+-----
Axes           | 3 4 5 6 7 9 11 12 14 15 16 | 16.1
Dodging        | 3 4 5 |  5.0
Fighting       | 4 6 8 10 11 | 11.0
Invocations    | 5 8 9 |  9.4
Armour         | 1 3 |  3.1
Throwing       | |  1.7

Action                   |  1- 3 |  4- 6 |  7- 9 | 10-12 | 13-15 || total
-------------------------+-------+-------+-------+-------+-------++-------
Melee: War axe           |   107 |   130 |   194 |   393 |    74 ||   898
       Hand axe          |       |    42 |       |       |       ||    42
       Punch             |       |     2 |     2 |     3 |       ||     7
       Headbutt          |       |     4 |    43 |    97 |    11 ||   155
Throw: Throwing net      |     1 |       |     2 |     2 |       ||     5
       Dart              |       |     5 |     6 |    18 |       ||    29
Evoke: Wand              |       |       |       |     2 |       ||     2
  Use: Potion            |       |     3 |     2 |     4 |       ||     9
       Scroll            |       |     6 |     3 |     4 |     1 ||    14
 Stab: Sleeping          |     1 |       |     3 |     1 |       ||     5
       Distracted        |       |       |       |     7 |       ||     7
       Held in net/web   |       |       |       |     1 |       ||     1
Armor: Leather armour    |    47 |    46 |     8 |       |       ||   101
       Steam dragon scal |       |       |    21 |       |       ||    21
       Ring mail         |       |       |     3 |    71 |    18 ||    92
Dodge: Dodged            |    73 |   120 |    89 |   150 |    30 ||   462
